cohdb
Replays
Latest Replays
All Replays
Popular Replays
Top Player Replays
Match Explorer
How It Works
Community
CoH3 Stats
Reddit
Sign in to upload your games and track your stats! →
Sign in with Steam
Match 38945647
Unlisted
Match 38945647
Overview
Messages
Build Orders
End
Construct Barracks
Engineer Squad
Riflemen Squad
Riflemen Squad
Riflemen Squad
Grenade Package
Riflemen Squad
Selects Special Operations Battlegroup
Mechanized Support Center
Construct Medical Station
Selects M29 Weasel with M1 Pack Howitzer
M29 Weasel with M1 Pack Howitzer
Construct Motor Pool
M24 Chaffee Light Tank
M1918 Browning Automatic Rifles
M24 Chaffee Light Tank
Selects P-47 Anti-Infantry Loiter
Construct Tank Depot
M4A1 Sherman Medium Tank
Engineer Squad
M18 Hellcat Tank Destroyer
Selects Raiding Flares
Riflemen Squad
Raiding Flares
M29 Weasel with M1 Pack Howitzer
M4(105) Sherman Bulldozer
Designate Forward Repair Station
Raiding Flares
M18 Hellcat Tank Destroyer
Raiding Flares
XuZhongwei
OCTTO_FROG
0
0
Comments
sign in to comment!
No comments posted yet!